[Event "Titled Tuesday Blitz November 08 Late 2022"]
[White "Leiva, Gianmarco"]
[Black "Jobava, Baadur"]
[WhiteFideId "3804399"]
[BlackFideId "13601520"]
[WhiteElo "2286"]
[BlackElo "2582"]
[Result "0-1"]
[Round "09"]
[TimeControl "180+1"]
[Date "2022.11.08"]
[WhiteClock "0:00:03"]
[BlackClock "0:00:08"]

1. d4 d5 2. Bf4 Nf6 3. e3 c5 4. c3 Nc6 5. Nd2 cxd4 6. exd4 Bf5 7. Ngf3 e6 8. Qb3 Qb6 9. Qxb6 axb6 10. Bb5 Nd7 11. O-O f6 12. Rfe1 g5 13. Bg3 h5 14. h3 Kf7 15. a3 Bh6 16. Re2 g4 17. hxg4 hxg4 18. Ne1 Bg5 19. Bd3 Ne7 20. Nf1 Rh7 21. Bb5 Rah8 22. f4 gxf3 23. Nxf3 Nc6 24. Nxg5+ fxg5 25. Nh2 Nf6 26. Bxc6 bxc6 27. Be5 Ra8 28. Rf1 g4 29. Bxf6 g3 30. Ng4 Bxg4 31. Be5+ Ke7 32. Re3 Bf5 33. Rxg3 c5 34. Kf2 Kd7 35. Ke2 Kc6 36. Re1 Kb5 37. Kd2 Kc4 38. Kc1 Rh4 39. Rge3 Rg8 40. Bc7 Rxg2 41. R3e2 Rxe2 42. Rxe2 cxd4 43. cxd4 b5 44. Be5 Rh1+ 45. Kd2 Rb1 46. Ke3 Kb3 47. Rd2 Bc2 48. Bd6 Rxb2 49. Kf4 Rb1 50. Bb4 Bf5 51. Ke5 Kc4 52. Kd6 Rxb4 53. axb4 Kxb4 54. Rb2+ Kc4 55. Kc6 b4 56. Kb6 Kc3 57. Re2 b3 58. Ka5 b2 0-1


[Site "https://www.chess.com"]

[Event "Titled Tuesday Blitz November 08 Late 2022"]
[White "Liu, Kelsey"]
[Black "chess50years"]
[WhiteFideId "30944481"]
[WhiteElo "2335"]
[BlackElo "2147"]
[Result "1-0"]
[Round "09"]
[TimeControl "180+1"]
[Date "2022.11.09"]
[WhiteClock "0:00:27"]
[BlackClock "0:01:34"]

1. e4 c6 2. d4 d5 3. e5 Bf5 4. Nc3 e6 5. g4 Bg6 6. Nge2 Be7 7. Be3 h5 8. Nf4 Bg5 9. Nxg6 fxg6 10. h4 Bxh4 11. Qd3 Kf7 12. g5 Bxg5 13. Rg1 Bxe3 14. Qxg6+ Kf8 15. Qxg7+ Ke8 16. Qxh8 Bxf2+ 17. Kxf2 Qh4+ 18. Ke2 1-0


[Site "https://www.chess.com"]

[Event "Titled Tuesday Blitz November 08 Late 2022"]
[White "Lopez Martinez, Josep Manuel"]
[Black "Roux, Baptiste"]
[WhiteFideId "2212943"]
[BlackFideId "36017450"]
[WhiteElo "2471"]
[BlackElo "2077"]
[Result "1/2-1/2"]
[Round "09"]
[TimeControl "180+1"]
[Date "2022.11.09"]
[WhiteClock "0:00:05"]
[BlackClock "0:00:12"]

1. e4 e5 2. Nf3 Nc6 3. Bb5 g6 4. O-O Bg7 5. c3 Nge7 6. d4 exd4 7. cxd4 O-O 8. d5 Ne5 9. Nxe5 Bxe5 10. Nc3 d6 11. Bh6 Bg7 12. Bxg7 Kxg7 13. Qd4+ f6 14. Kh1 a6 15. Be2 Kg8 16. f4 b5 17. b4 Bd7 18. Bd1 Qb8 19. Bb3 Qa7 20. Qd2 Kg7 21. Rac1 a5 22. bxa5 Qxa5 23. Qd4 Qa7 24. Ne2 Qxd4 25. Nxd4 Ra7 26. Rf2 Rb8 27. Rfc2 Rbb7 28. h3 h5 29. Kg1 Nc8 30. f5 g5 31. g4 h4 32. Kf2 Kf8 33. Ke3 Nb6 34. Kd3 Ke7 35. Kc3 Na4+ 36. Kb4 Nc5 37. Rxc5 dxc5+ 38. Kxc5 b4 39. Rf1 Ra5+ 40. Kc4 Kd6 41. Re1 Ke5 42. Kd3 Bb5+ 43. Ke3 Kd6 44. Nf3 Rb8 45. Kd4 c5+ 46. dxc6 Bxc6 47. e5+ fxe5+ 48. Nxe5 Bd5 49. Nc4+ Bxc4 50. Bxc4 Rc8 51. Re6+ Kd7 52. Bb3 Rc3 53. Rg6 Rxh3 54. Rxg5 Rg3 55. f6 h3 56. Rxa5 Rxg4+ 57. Ke5 Rh4 58. Ra7+ Kc6 59. Bd5+ Kb6 60. Rg7 h2 61. Bh1 Rh5+ 62. Ke6 Rh6 63. Ke7 Kc7 64. f7 Rh8 65. f8=Q Rxf8 66. Kxf8+ Kd6 67. Rg2 Kc5 68. Rxh2 Kd4 69. Rh3 Kc4 70. Rb3 Kb5 71. Bf3 Ka4 72. Be2 Ka5 73. Kf7 Ka4 74. Ke6 Ka5 75. Kd5 Ka4 76. Kc4 Ka5 77. Rxb4 Ka6 78. a3 Ka5 79. Kb3 1/2-1/2


[Site "https://www.chess.com"]

[Event "Titled Tuesday Blitz November 08 Late 2022"]
[White "Machidon, Cristi"]
[Black "Reprintsev, Alexander"]
[WhiteFideId "13904590"]
[BlackFideId "14100541"]
[WhiteElo "2333"]
[BlackElo "2230"]
[Result "0-1"]
[Round "09"]
[TimeControl "180+1"]
[Date "2022.11.09"]
[WhiteClock "0:00:03"]
[BlackClock "0:00:14"]

1. c4 e5 2. Nc3 Nc6 3. Nf3 Bb4 4. Qc2 d6 5. a3 Bxc3 6. Qxc3 Nge7 7. d4 exd4 8. Nxd4 Nxd4 9. Qxd4 Nf5 10. Qc3 Qe7 11. b4 f6 12. Bb2 Be6 13. e3 h5 14. Be2 h4 15. Bf3 c6 16. Rd1 Rd8 17. O-O Kf7 18. Rd2 g5 19. Rfd1 Ng7 20. Rxd6 Rxd6 21. Rxd6 Qxd6 22. Qxf6+ Ke8 23. Qxg7 Rf8 24. Qxg5 Rxf3 25. gxf3 Qd1+ 26. Kg2 h3+ 27. Kg3 Qg1+ 28. Kh4 Qxf2+ 29. Qg3 Qxb2 30. Qb8+ Ke7 31. Qxb7+ Bd7 32. Qb8 Qf6+ 33. Kg3 Qg5+ 34. Kf2 Qg2+ 35. Ke1 Qxf3 36. Qe5+ Be6 37. b5 cxb5 38. cxb5 Qh1+ 39. Kd2 Qg2+ 40. Kc3 Qa2 41. Qc5+ Ke8 42. Qc6+ Kf7 43. Qf3+ Kg6 44. Qe4+ Bf5 45. Qc6+ Kg5 46. Qd6 Qc2+ 47. Kb4 Qe4+ 48. Qd4 Qe7+ 49. Qc5 Qe4+ 50. Ka5 Qg2 51. Qe5 Qd2+ 52. Ka6 Qd7 53. Qf4+ Kg6 54. Qe5 Be6 55. a4 Kf7 56. Qf4+ Ke8 57. Qe5 Kd8 58. a5 Bd5 59. b6 Bc4+ 0-1


[Site "https://www.chess.com"]

[Event "Titled Tuesday Blitz November 08 Late 2022"]
[White "Maksimovic, Bojan"]
[Black "Kim, Sergey"]
[WhiteFideId "14408120"]
[BlackFideId "13700570"]
[WhiteElo "2873"]
[BlackElo "2586"]
[Result "1-0"]
[Round "09"]
[TimeControl "180+1"]
[Date "2022.11.09"]
[WhiteClock "0:02:51"]
[BlackClock "0:01:24"]

1. e4 e5 2. Nf3 Nc6 3. Bb5 a6 4. Ba4 Nf6 5. O-O b5 6. Bb3 Bc5 7. c3 d6 8. d4 Bb6 9. Be3 O-O 10. Nbd2 h6 11. h3 Re8 12. Re1 Bb7 13. d5 Ne7 14. Bxb6 cxb6 15. Bc2 Ng6 16. Bd3 Nf4 17. Bf1 Rc8 18. Kh2 Rc7 19. Rc1 Bc8 20. g3 Ng6 21. Qb3 Nd7 22. c4 Nc5 23. Qb4 bxc4 24. Qxb6 Qe7 25. Nxc4 Rd8 26. Na5 Bb7 27. b4 Qf6 28. Qxc7 Qxf3 29. Qxd8+ Kh7 30. Bg2 Qxf2 31. Rf1 Qd2 32. bxc5 1-0


[Site "https://www.chess.com"]

[Event "Titled Tuesday Blitz November 08 Late 2022"]
[White "Manelyuk, Daniil"]
[Black "Zhu, Jiner"]
[WhiteFideId "44173920"]
[BlackFideId "8608059"]
[WhiteElo "2209"]
[BlackElo "2384"]
[Result "0-1"]
[Round "09"]
[TimeControl "180+1"]
[Date "2022.11.09"]
[WhiteClock "0:00:27"]
[BlackClock "0:01:27"]

1. e4 e5 2. Nf3 Nc6 3. Bb5 a6 4. Ba4 Nf6 5. O-O b5 6. Bb3 Bc5 7. c3 d6 8. d4 Bb6 9. a4 Rb8 10. axb5 axb5 11. Na3 O-O 12. Nxb5 Bg4 13. Bc2 Bxf3 14. gxf3 Nh5 15. Be3 Qh4 16. Kh1 exd4 17. Nxd4 Ne5 18. Rg1 Qh3 19. f4 Bxd4 20. cxd4 Nf3 21. Rg2 Rxb2 22. Bd3 Ng3+ 23. Rxg3 Qxh2# 0-1


[Site "https://www.chess.com"]

[Event "Titled Tuesday Blitz November 08 Late 2022"]
[White "Martinez Alcantara, Jose Eduardo"]
[Black "Fier, Alexandr"]
[WhiteFideId "3805662"]
[BlackFideId "2107139"]
[WhiteElo "2705"]
[BlackElo "2617"]
[Result "0-1"]
[Round "09"]
[TimeControl "180+1"]
[Date "2022.11.08"]
[WhiteClock "0:00:01"]
[BlackClock "0:00:41"]

1. e4 e5 2. Nf3 Nc6 3. Bb5 a6 4. Ba4 Nf6 5. d3 b5 6. Bb3 Bc5 7. c3 d6 8. Bg5 h6 9. Bh4 O-O 10. Nbd2 Be6 11. h3 Bb6 12. g4 g5 13. Nxg5 hxg5 14. Bxg5 Kg7 15. Qf3 Nb8 16. Nf1 Nbd7 17. Ng3 Rh8 18. Nh5+ Rxh5 19. gxh5 Qh8 20. Rg1 Kf8 21. Bxe6 fxe6 22. h6 Re8 23. O-O-O Re7 24. Rg3 Rf7 25. Qe2 c5 26. Rdg1 Bd8 27. Be3 Ne8 28. Rg8+ Qxg8 29. Rxg8+ Kxg8 30. Qg4+ Kf8 31. Qxe6 Bf6 32. Qd5 a5 33. a4 bxa4 34. Qc6 Bd8 35. Qxa4 Ke7 36. Qa2 Nef6 37. Bg5 Ke8 38. Qe6+ Be7 39. h4 Kf8 40. Qa2 Bd8 41. Qe6 Be7 42. Kd1 a4 43. Qc4 Nb6 44. Qb5 Nfd7 45. Ke1 Kg8 46. Qc6 Bf8 47. Ke2 Kh7 48. Ke1 Bxh6 49. Bxh6 Kxh6 50. Qxd6+ Kh5 51. Qe6 Rf6 52. Qg8 Kxh4 53. Ke2 Kh5 54. Qg1 Kh6 55. b3 axb3 56. Qc1+ Kg7 57. Qd1 c4 58. dxc4 Nc5 59. Qg1+ Kf7 60. Qa1 Nbd7 61. f3 Rb6 62. Qb1 b2 63. Kd2 Na4 64. Kc2 Ndc5 65. Kd2 Rb3 66. Kc2 Ra3 67. Qd1 Rxc3+ 68. Kb1 Rc1+ 69. Qxc1 bxc1=Q+ 70. Kxc1 Kf6 71. Kd2 Kg5 72. Ke3 Nb6 73. f4+ exf4+ 74. Kd4 f3 75. Ke3 Kg4 76. e5 Nxc4+ 77. Kd4 f2 78. e6 Nxe6+ 79. Ke4 f1=Q 80. Kd5 Nd2 81. Ke5 Qf5+ 82. Kd6 Nf4 83. Ke7 Ne2 84. Kd8 Qf7 85. Kc8 Kf5 86. Kb8 Ke6 87. Ka8 Kd6 88. Kb8 Kc6 89. Ka8 Qb7# 0-1


[Site "https://www.chess.com"]

[Event "Titled Tuesday Blitz November 08 Late 2022"]
[White "Martinez Reyes, Pedro Ramon"]
[Black "Krishnan, Varun"]
[WhiteFideId "3901807"]
[BlackFideId "5054508"]
[WhiteElo "2354"]
[BlackElo "2544"]
[Result "1-0"]
[Round "09"]
[TimeControl "180+1"]
[Date "2022.11.09"]
[WhiteClock "0:00:27"]
[BlackClock "0:00:13"]

1. e4 c5 2. Nf3 d6 3. c3 Nf6 4. Bd3 g6 5. O-O Bg7 6. Bc2 O-O 7. h3 b5 8. d4 Bb7 9. Re1 Qc7 10. Qe2 a6 11. a4 c4 12. axb5 axb5 13. Rxa8 Bxa8 14. Na3 Qb6 15. d5 Nbd7 16. Be3 Qa5 17. Bd4 Rc8 18. Bb1 Nc5 19. Qe3 Nfd7 20. Bxg7 Kxg7 21. e5 Bxd5 22. exd6 exd6 23. Qd4+ Nf6 24. Ng5 Nb3 25. Qf4 b4 26. cxb4 Qxb4 27. Re7 Nd2 28. Qd4 Nxb1 29. Nxb1 Rb8 30. Nxh7 Qxb2 31. Nc3 Kxh7 32. Qxf6 Be6 33. Kh2 Kg8 34. Rxe6 fxe6 35. Qxe6+ Kh8 36. Qf6+ Kg8 37. Qxg6+ Kh8 38. Qh6+ Kg8 39. Qxd6 Rf8 40. Qg6+ Kh8 41. Qh5+ Kg8 42. Qg4+ Kh8 43. Qh4+ Kg8 44. Qxc4+ Kh8 45. Qh4+ Kg8 46. Qg4+ Kh8 47. Ne4 Qe5+ 48. g3 Qg7 49. Qe6 Qa7 50. h4 Rxf2+ 51. Nxf2 Qxf2+ 52. Kh3 Qf1+ 53. Kg4 Qd1+ 54. Kg5 Qd2+ 55. Kg6 Qd3+ 56. Kh6 Qh7+ 57. Kg5 Qg7+ 58. Kf4 Qd4+ 59. Qe4 Qf2+ 60. Qf3 Qd4+ 61. Kg5 Qg7+ 62. Kf4 Qd4+ 63. Qe4 Qf2+ 64. Kg4 Qf7 65. Qe5+ Kg8 66. Qg5+ Kh8 67. Qh5+ Qxh5+ 68. Kxh5 Kg7 69. g4 Kh7 70. Kg5 Kg7 71. h5 Kh7 72. Kf6 Kh6 73. g5+ Kxh5 74. g6 Kh6 75. g7 Kh7 76. Kf7 Kh6 77. g8=Q Kh5 78. Qg6+ Kh4 79. Kf6 Kh3 80. Kf5 Kh2 81. Kf4 Kh1 82. Kf3 Kh2 83. Qg2# 1-0


[Site "https://www.chess.com"]

[Event "Titled Tuesday Blitz November 08 Late 2022"]
[White "Melikhov, Evgeny V."]
[Black "Rose, Felix"]
[WhiteFideId "4122046"]
[BlackFideId "5105722"]
[WhiteElo "2169"]
[BlackElo "2039"]
[Result "1-0"]
[Round "09"]
[TimeControl "180+1"]
[Date "2022.11.09"]
[WhiteClock "0:01:41"]
[BlackClock "0:00:03"]

1. d4 Nf6 2. c4 e6 3. Nc3 Bb4 4. Qc2 O-O 5. e4 d5 6. e5 Ne4 7. Bd3 c5 8. Nf3 Qa5 9. O-O Nc6 10. Nxe4 dxe4 11. Bxe4 cxd4 12. Bxh7+ Kh8 13. Qe4 Be7 14. Bd2 Qc5 15. Rae1 g6 16. Bxg6 fxg6 17. Qxg6 Bd7 18. Re4 Rf5 19. Qh6+ Kg8 20. Rg4+ Kf7 21. Qg6+ Kf8 22. Qg8# 1-0


[Site "https://www.chess.com"]

[Event "Titled Tuesday Blitz November 08 Late 2022"]
[White "Mendez Fortes, Eduardo Jesus"]
[Black "Muhammad, Shahzeb"]
[WhiteFideId "3502376"]
[BlackFideId "7804806"]
[WhiteElo "2307"]
[BlackElo "2372"]
[Result "1-0"]
[Round "09"]
[TimeControl "180+1"]
[Date "2022.11.09"]
[WhiteClock "0:00:06"]
[BlackClock "0:00:03"]

1. e4 d5 2. exd5 Nf6 3. Bb5+ Nbd7 4. d4 a6 5. Be2 Nxd5 6. Nf3 b5 7. a4 b4 8. O-O e6 9. Nbd2 Be7 10. Nc4 O-O 11. Nce5 Nxe5 12. Nxe5 c5 13. Nc6 Qc7 14. Nxe7+ Qxe7 15. Bf3 Bb7 16. Re1 Rad8 17. dxc5 Qxc5 18. Qe2 Rc8 19. Be4 f5 20. Bd3 Rce8 21. Bd2 e5 22. Bc4 Kh8 23. b3 e4 24. Be3 Qc7 25. Bd4 f4 26. Qg4 f3 27. gxf3 Nf4 28. fxe4 Bxe4 29. Re3 Bd5 30. Rg3 Rf7 31. Bxd5 Nxd5 32. Qh5 Rd8 33. Re1 Nf4 34. Qe5 Qxe5 35. Bxe5 Ng6 36. Bb2 Kg8 37. Rd3 Rxd3 38. cxd3 Rd7 39. d4 Nf4 40. Rd1 Kf7 41. f3 Ke6 42. Kf2 Kd5 43. Ke3 g5 44. Rd2 Re7+ 45. Kf2 h5 46. Kg3 Re3 47. h4 Rxb3 48. hxg5 Ng6 49. Bc1 Rc3 50. Bb2 Rb3 51. Rc2 Kd6 52. Bc1 Rc3 53. Rxc3 bxc3 54. f4 Ke6 55. d5+ Kf5 56. d6 Nf8 57. Kh4 Nd7 58. Kxh5 c2 59. g6 Kf6 60. Kh6 Ke6 61. g7 Nf6 62. Kg6 Ng8 63. f5+ Kxd6 64. f6 Ke6 65. f7 Ne7+ 66. Kh7 Kxf7 67. a5 Ng8 68. Bg5 c1=Q 69. Bxc1 Nf6+ 70. Kh6 Ng8+ 71. Kh7 Nf6+ 72. Kh8 Ne8 73. g8=Q+ Ke7 74. Bg5+ Kd7 75. Qf7+ Kc6 76. Qxe8+ Kc5 1-0


[Site "https://www.chess.com"]

[Event "Titled Tuesday Blitz November 08 Late 2022"]
[White "Mesa Cruz, Juan Carlos"]
[Black "Chlpik, Martin"]
[WhiteFideId "6423400"]
[BlackFideId "14923351"]
[WhiteElo "2059"]
[BlackElo "2109"]
[Result "1-0"]
[Round "09"]
[TimeControl "180+1"]
[Date "2022.11.09"]
[WhiteClock "0:00:03"]
[BlackClock "0:00:06"]

1. e4 c5 2. Nf3 d6 3. d4 cxd4 4. Nxd4 Nf6 5. Nc3 a6 6. Bg5 Nbd7 7. Bc4 Qb6 8. Bb3 e6 9. Qd2 Be7 10. f4 Nc5 11. Bxf6 Bxf6 12. O-O-O Qc7 13. g4 O-O 14. g5 Be7 15. f5 b5 16. g6 b4 17. gxf7+ Kh8 18. Na4 Nxe4 19. Qg2 Bg5+ 20. Kb1 Bb7 21. Nxe6 Qa5 22. Qh3 Bf6 23. Rhf1 Qb5 24. Rf3 Qe2 25. Qxh7+ Kxh7 26. Rh3+ 1-0


[Site "https://www.chess.com"]

[Event "Titled Tuesday Blitz November 08 Late 2022"]
[White "Mikhalsky, Vladimir"]
[Black "Danielyan, Vahe"]
[WhiteFideId "14144352"]
[BlackFideId "13304828"]
[WhiteElo "2426"]
[BlackElo "2606"]
[Result "1-0"]
[Round "09"]
[TimeControl "180+1"]
[Date "2022.11.09"]
[WhiteClock "0:00:44"]
[BlackClock "0:01:29"]

1. d4 e6 2. e4 d5 3. e5 c5 4. Qg4 Nc6 5. Nf3 h5 6. Qf4 cxd4 7. Bd3 Be7 8. O-O Nh6 9. Nxd4 g5 10. Nxc6 bxc6 11. Qf3 Ng4 12. Re1 Qc7 13. Qg3 Bd7 14. h3 Nh6 15. Bxg5 Rg8 16. h4 O-O-O 17. Nd2 Bxg5 18. hxg5 Ng4 19. Nf3 c5 20. c3 Bc6 21. Ba6+ Kb8 22. b4 cxb4 23. Rab1 Ka8 24. Rxb4 Rb8 25. Qf4 Rxb4 26. cxb4 Qb6 27. Nd4 Qxa6 28. Qxf7 Rc8 29. Qxe6 Bb7 30. Qxa6 Bxa6 31. b5 Bb7 32. f4 Re8 33. e6 Bc8 34. f5 Kb7 35. f6 Kc7 36. f7 Kd8 37. Nc6+ 1-0


[Site "https://www.chess.com"]

[Event "Titled Tuesday Blitz November 08 Late 2022"]
[White "Pakleza, Zbigniew"]
[Black "Thiel, Thomas"]
[WhiteFideId "1119290"]
[BlackFideId "4615964"]
[WhiteElo "2411"]
[BlackElo "2230"]
[Result "1-0"]
[Round "09"]
[TimeControl "180+1"]
[Date "2022.11.09"]
[WhiteClock "0:00:04"]
[BlackClock "0:00:10"]

1. d4 Nf6 2. Nf3 g6 3. Bf4 Bg7 4. e3 O-O 5. Be2 d6 6. h3 c5 7. c3 Nc6 8. O-O Qe8 9. Bh2 h6 10. Nbd2 e5 11. Nc4 exd4 12. Nxd6 Qd8 13. exd4 cxd4 14. Nxd4 Nxd4 15. Qxd4 Ne8 16. Qb4 Nxd6 17. Bxd6 a5 18. Qa3 Re8 19. Bf3 Qg5 20. Qc5 a4 21. Qxg5 hxg5 22. Rfe1 Rxe1+ 23. Rxe1 Be6 24. a3 Rd8 25. Be7 Rd2 26. Re2 Rxe2 27. Bxe2 f6 28. Bb5 Kf7 29. Bc5 Bb3 30. g4 Ke6 31. Bd4 Bf8 32. f3 Bd6 33. Kf2 Bf4 34. Be3 Ke5 35. Bd3 Bd5 36. Bxg6 b5 37. Bd3 Bc6 38. Bd4+ Ke6 39. c4 bxc4 40. Bxc4+ Ke7 41. b3 Bd6 42. bxa4 Bxa4 43. Bb2 Bc5+ 44. Ke2 Bd7 45. Bb3 f5 46. a4 fxg4 47. hxg4 Bb4 48. Bd4 1-0


[Site "https://www.chess.com"]

[Event "Titled Tuesday Blitz November 08 Late 2022"]
[White "Papasimakopoulos, Alexandros"]
[Black "Svane, Frederik"]
[WhiteFideId "4244125"]
[BlackFideId "12923044"]
[WhiteElo "2365"]
[BlackElo "2466"]
[Result "0-1"]
[Round "09"]
[TimeControl "180+1"]
[Date "2022.11.08"]
[WhiteClock "0:01:51"]
[BlackClock "0:00:14"]

1. d4 Nf6 2. c4 e6 3. Nc3 Bb4 4. Qc2 O-O 5. a3 Bxc3+ 6. Qxc3 b6 7. Bg5 Bb7 8. f3 d5 9. e3 h6 10. Bh4 Nbd7 11. cxd5 Nxd5 12. Bxd8 Nxc3 13. Bh4 Nd5 14. Bf2 c5 15. e4 Ne7 16. Bb5 Bc6 17. Bxc6 Nxc6 18. dxc5 Nxc5 19. Bxc5 bxc5 20. O-O-O Nd4 21. Kb1 Rab8 22. Rd2 Nb3 23. Rc2 Rfd8 24. Ne2 g5 25. h4 Kg7 26. hxg5 hxg5 27. Ka2 Kg6 28. Re1 a5 29. Rc3 a4 30. Rc2 Kf6 31. Nc3 Rd4 32. e5+ Kg6 33. Ne4 c4 34. Nd6 Rd8 35. Nxc4 Rd1 36. Rce2 Nc1+ 37. Kb1 Nxe2+ 38. Rxd1 Rxd1+ 39. Kc2 Rg1 40. g3 Rxg3 41. Nb6 Nd4+ 42. Kd3 Nxf3 43. Nxa4 Nxe5+ 44. Kd4 Rg4+ 45. Kxe5 Rxa4 0-1


[Site "https://www.chess.com"]

[Event "Titled Tuesday Blitz November 08 Late 2022"]
[White "Pinheiro, Iung Alicio de O."]
[Black "Urazayev, Arystanbek"]
[WhiteFideId "2104350"]
[BlackFideId "13709810"]
[WhiteElo "2283"]
[BlackElo "2441"]
[Result "0-1"]
[Round "09"]
[TimeControl "180+1"]
[Date "2022.11.08"]
[WhiteClock "0:00:04"]
[BlackClock "0:00:45"]

1. d4 Nf6 2. c4 g6 3. Nc3 Bg7 4. e4 d6 5. h3 e5 6. d5 a5 7. g4 Na6 8. Nge2 Nc5 9. Ng3 Nfd7 10. h4 Nb6 11. Be3 c6 12. h5 Bf6 13. Qd2 cxd5 14. cxd5 Bd7 15. Be2 a4 16. Kf1 O-O 17. Kg2 Nc8 18. Rh2 b5 19. Nxb5 Bxb5 20. Bxb5 Rb8 21. Be2 Qb6 22. Rb1 Qb4 23. Qc2 Ne7 24. Bxc5 dxc5 25. Bc4 Nc8 26. b3 Nd6 27. Rbh1 axb3 28. axb3 Rb7 29. Qc1 Ra8 30. Rh3 Ra2 31. hxg6 fxg6 32. Qe3 Qd2 33. Qxd2 Rxd2 34. Nf1 Rb2 35. Re3 Bg5 36. Re1 Rf7 37. Re2 Nxc4 38. Rxb2 Nxb2 39. Nd2 Bxd2 0-1


[Site "https://www.chess.com"]

[Event "Titled Tuesday Blitz November 08 Late 2022"]
[White "Poliakova, Varvara"]
[Black "Aghasiyev, Kamal"]
[WhiteFideId "13518313"]
[BlackFideId "13402854"]
[WhiteElo "2099"]
[BlackElo "2341"]
[Result "0-1"]
[Round "09"]
[TimeControl "180+1"]
[Date "2022.11.09"]
[WhiteClock "0:00:09"]
[BlackClock "0:01:35"]

1. e4 e6 2. d4 b6 3. Bd3 Bb7 4. c3 Nf6 5. Nd2 d5 6. Qe2 Be7 7. e5 Nfd7 8. f4 c5 9. Ngf3 Nc6 10. f5 cxd4 11. cxd4 Nb4 12. fxe6 fxe6 13. O-O Nxd3 14. Qxd3 O-O 15. Ne1 Qc7 16. Qh3 Rxf1+ 17. Nxf1 Nf8 18. Be3 Qc4 19. Nd2 Qb5 20. Nef3 Qxb2 21. Rf1 Ba6 22. Rf2 Qc3 23. Bf4 Qc1+ 24. Nf1 Qxf4 25. g3 Qf5 26. g4 Qg6 27. Nh4 Bxh4 28. Qxh4 Rc8 29. Qe7 Qxg4+ 30. Kh1 Ng6 31. Qd7 Rf8 32. Rxf8+ Nxf8 0-1


[Site "https://www.chess.com"]

[Event "Titled Tuesday Blitz November 08 Late 2022"]
[White "Postnikov, Daniil"]
[Black "Hajiyev, Kanan"]
[WhiteFideId "4166329"]
[BlackFideId "13404148"]
[WhiteElo "2261"]
[BlackElo "2118"]
[Result "1-0"]
[Round "09"]
[TimeControl "180+1"]
[Date "2022.11.09"]
[WhiteClock "0:01:46"]
[BlackClock "0:00:07"]

1. e4 c6 2. d4 d5 3. e5 a6 4. Bd3 c5 5. c3 cxd4 6. cxd4 Nc6 7. Be3 Qb6 8. Qd2 Nh6 9. Nc3 Nb4 10. Bb1 Bf5 11. a3 Bxb1 12. Rxb1 Nc6 13. Nxd5 Qd8 14. Nc3 Nf5 15. Nge2 e6 16. O-O Be7 17. Rbd1 O-O 18. Ng3 Nh4 19. Qe2 g6 20. f4 Rc8 21. d5 exd5 22. Nxd5 Qe8 23. Qg4 h5 24. Nxh5 f5 25. exf6 Bd6 26. Qxh4 Qe4 27. f7+ Kxf7 28. Qf6+ Kg8 29. Qg7# 1-0


[Site "https://www.chess.com"]

[Event "Titled Tuesday Blitz November 08 Late 2022"]
[White "Prem, Pranav"]
[Black "Sourath Biswas"]
[WhiteFideId "30901057"]
[BlackFideId "35091484"]
[WhiteElo "1970"]
[BlackElo "2164"]
[Result "1-0"]
[Round "09"]
[TimeControl "180+1"]
[Date "2022.11.09"]
[WhiteClock "0:00:09"]
[BlackClock "0:00:02"]

1. d4 Nf6 2. c4 g6 3. Nc3 Bg7 4. e4 O-O 5. Nf3 d6 6. Be2 Bg4 7. O-O Bxf3 8. Bxf3 e5 9. d5 a5 10. Be3 Na6 11. a3 Nd7 12. Qc2 f5 13. Be2 f4 14. Bd2 Nf6 15. Rab1 g5 16. f3 h5 17. b4 axb4 18. axb4 g4 19. Nb5 c6 20. dxc6 bxc6 21. Nc3 Qb6+ 22. c5 dxc5 23. Na4 Qd8 24. Bxa6 Qd4+ 25. Kh1 Rxa6 26. Nxc5 Rb6 27. Ne6 Qd7 28. Nxf8 Bxf8 29. Bc3 Rb5 30. Rbd1 Qe6 31. Rd8 h4 32. Qe2 Kf7 33. Rfd1 Bxb4 34. Bxb4 Rxb4 35. R8d6 Qc4 36. Qd2 gxf3 37. gxf3 Rb3 38. Rxf6+ Kxf6 39. Qd8+ Kg6 40. Rg1+ Kf7 41. Qg8+ Kf6 42. Qxc4 1-0


[Site "https://www.chess.com"]

[Event "Titled Tuesday Blitz November 08 Late 2022"]
[White "Preotu, Razvan"]
[Black "Makarian, Rudik"]
[WhiteFideId "2613280"]
[BlackFideId "44105681"]
[WhiteElo "2407"]
[BlackElo "2423"]
[Result "0-1"]
[Round "09"]
[TimeControl "180+1"]
[Date "2022.11.08"]
[WhiteClock "0:00:08"]
[BlackClock "0:00:12"]

1. e4 d6 2. d4 Nf6 3. Nc3 e5 4. Nge2 Be7 5. h3 O-O 6. g4 b5 7. dxe5 Nfd7 8. exd6 cxd6 9. Nxb5 Nc6 10. Nec3 a6 11. Nxd6 Nde5 12. Nxc8 Qxc8 13. Nd5 Bc5 14. Bg2 Nb4 15. O-O Nxd5 16. Qxd5 Re8 17. Bf4 Ng6 18. Bg3 Rd8 19. Qb3 Ra7 20. Rad1 Re8 21. Rd5 Bf8 22. e5 Rb7 23. Qa4 Rxb2 24. Be4 Rb4 25. Qa5 Rxe4 26. f4 Qxc2 27. Rf2 Qb1+ 28. Kg2 Rc4 29. f5 Qe4+ 30. Kh2 Ne7 31. Rd7 Nc6 32. Qd5 Qxd5 33. Rxd5 Ra4 34. Re2 Nb4 35. Rdd2 a5 36. e6 fxe6 37. fxe6 Ra3 38. Bh4 Bc5 39. Rd7 Rxa2 40. Rxa2 Nxa2 41. e7 Kf7 42. Rc7 Bxe7 43. Ra7 Nb4 44. Bxe7 Rxe7 45. Rxa5 Nc6 46. Rc5 Ne5 47. Kg3 g6 48. h4 Nd7 49. Rd5 Nf6 50. Rd3 Re4 51. g5 Nh5+ 52. Kf3 Rf4+ 53. Ke3 Rxh4 54. Rd7+ Kg8 55. Rd8+ Kf7 56. Rd7+ Ke6 57. Rxh7 Kf5 58. Kf3 Kxg5 59. Ra7 Rf4+ 60. Ke3 Rf8 61. Ra5+ Kg4 62. Ra1 Ng3 63. Ra6 g5 64. Rg6 Rf3+ 65. Kd2 Nh5 66. Rg8 Nf4 67. Rg7 Nh3 68. Ke2 Kg3 69. Rh7 g4 70. Rg7 Rf2+ 71. Ke3 Rf8 72. Ke2 Ng1+ 73. Ke1 Nf3+ 74. Ke2 Nh2 75. Ke3 Kg2 76. Ke2 g3 77. Ke3 Nf1+ 78. Ke2 Nh2 79. Ke3 Rf2 80. Rg8 Nf1+ 81. Ke4 Ra2 82. Kf4 Ra3 83. Rg7 Kf2 84. Rb7 Rf3+ 85. Ke4 g2 86. Rb2+ Kg3 87. Rb8 Re3+ 88. Kd4 g1=Q 89. Rg8+ Kf2 0-1


[Site "https://www.chess.com"]

[Event "Titled Tuesday Blitz November 08 Late 2022"]
[White "Przybylski, Wojciech"]
[Black "Alexikov, Alexander"]
[WhiteFideId "1117599"]
[BlackFideId "14103958"]
[WhiteElo "2221"]
[BlackElo "2222"]
[Result "1-0"]
[Round "09"]
[TimeControl "180+1"]
[Date "2022.11.09"]
[WhiteClock "0:01:01"]
[BlackClock "0:00:37"]

1. e4 c5 2. Nf3 d6 3. d4 cxd4 4. Nxd4 Nf6 5. Nc3 a6 6. Be3 Ng4 7. Bc1 Nf6 8. h3 Nc6 9. Be3 Bd7 10. Qd2 h5 11. O-O-O g6 12. f4 Bg7 13. Be2 Rc8 14. Kb1 Qa5 15. Bf3 h4 16. Rhe1 Nxd4 17. Bxd4 e5 18. fxe5 dxe5 19. Be3 Be6 20. Bg5 Qc5 21. Nd5 Nxd5 22. exd5 Bf5 23. Be4 Bxe4 24. Rxe4 f6 25. d6 Rd8 26. Be3 Qc6 27. Rb4 b5 28. Rb3 Bf8 29. Rd3 Rh7 30. Rc3 Qxd6 31. Rd3 1-0


[Site "https://www.chess.com"]

[Event "Titled Tuesday Blitz November 08 Late 2022"]
[White "Putnam, Liam"]
[Black "Rasulov, Vugar"]
[WhiteFideId "30938279"]
[BlackFideId "13402390"]
[WhiteElo "2082"]
[BlackElo "2509"]
[Result "0-1"]
[Round "09"]
[TimeControl "180+1"]
[Date "2022.11.08"]
[WhiteClock "0:00:02"]
[BlackClock "0:00:14"]

1. e4 c5 2. Nf3 e6 3. d4 cxd4 4. Nxd4 Nc6 5. Nc3 Qc7 6. g3 a6 7. Bg2 Nf6 8. O-O Bc5 9. Nxc6 dxc6 10. Na4 Ba7 11. c4 e5 12. c5 Be6 13. Qc2 O-O-O 14. Bg5 h6 15. Bxf6 gxf6 16. Rfd1 h5 17. h4 Bg4 18. f3 Be6 19. Kh2 Rhg8 20. Bh3 Kb8 21. Rxd8+ Rxd8 22. Rd1 Rd4 23. Rxd4 exd4 24. Bxe6 fxe6 25. Qd2 Qe5 26. b4 a5 27. a3 f5 28. Qg5 Qh8 29. exf5 exf5 30. Qxf5 Ka8 31. bxa5 Bb8 32. a6 Qd8 33. axb7+ Ka7 34. Qg5 Qa5 35. Nb6 Qe1 36. Nc8+ Ka6 37. Nd6 Qf2+ 38. Kh3 Qf1+ 39. Kh2 d3 40. Qf5 Qe2+ 41. Kh3 d2 42. Qf4 d1=Q 43. Qa4+ Qxa4 0-1


[Site "https://www.chess.com"]